 Dungeon Crawl Stone Soup version 0.30-a0-702-gdf48620a09 (webtiles) character file.

Game seed: 9775201711054355806

11073 Lobster4 the Fighter (level 12, -15/132 HPs)
             Began as a Human Wanderer on Jan 22, 2023.
             Was a Priest of Hepliaklqana.
             Demolished by a white ugly thing (22 damage)
             ... on level 10 of the Dungeon.
             The game lasted 00:36:46 (11085 turns).

Lobster4 the Fighter (Human Wanderer)              Turns: 11085, Time: 00:36:47

Health: -15/132    AC: 30    Str: 19    XL:     12   Next: 3%
Magic:  19/19      EV:  2    Int: 11    God:    Hepliaklqana [***...]
Gold:   809        SH:  5    Dex: 13    Spells: 21/21 levels left

rFire   . . .      SeeInvis .    b - +3 shortbow (flame)
rCold   . . .      Faith    .    (shield currently unavailable)
rNeg    . . .      Spirit   .    (body armour currently unavailable)
rPois   +          Reflect  +    (helmet currently unavailable)
rElec   .          Harm     .    (cloak currently unavailable)
rCorr   +          Rampage  .    (gloves currently unavailable)
Will    .....      NoTele   +    (boots currently unavailable)
Stlth   +                        j - amulet of reflection
HPRegen 0.42/turn                k - +4 ring of protection
MPRegen 0.16/turn                T - ring of resist corrosion

@: tree-form
A: stationary, stasis, torment immunity, boosted hp, reduced essence
a: Renounce Religion, Recall Ancestor, Ancestor Identity, Transference


You were on level 10 of the Dungeon.
You worshipped Hepliaklqana.
Hepliaklqana was most pleased with you.
You were a tree.
You visited 2 branches of the dungeon, and saw 11 of its levels.
You also visited: Bailey.

You collected 809 gold pieces.

Inventory:

Hand Weapons
 a - a +2 hand axe
 b - a +3 shortbow of flaming (weapon)
 l - a +4 mace
 o - a +1 war axe of flaming
 q - a +3 spear
 s - the +0 dire flail "Widowmaker" {freeze, rElec rPois Str-4}
   (You took it off an orc warrior in a bailey)

   Str:       It affects your strength (-4).
   rElec:     It insulates you from electricity.
   rPois:     It protects you from poison.
 E - a +0 broad axe
 P - a +0 war axe of electrocution
Missiles
 p - 29 poisoned darts
 B - 3 curare-tipped darts
 D - 4 boomerangs of dispersal
 M - 3 boomerangs
 R - a throwing net
Armour
 e - a +1 leather armour of willpower
 y - the +9 plate armour of Kireg {rElec rC+}
   (You took it off an orc in a bailey)

   rC:        It protects you from cold.
   rElec:     It insulates you from electricity.
 z - +0 steam dragon scales (melded)
 A - a +1 pair of gloves of strength (melded)
 C - a +0 helmet
 G - a +4 chain mail
 J - a +1 hat of stealth (melded)
 K - a +2 robe of fire resistance
Jewellery
 c - a ring of fire
 j - an amulet of reflection (around neck)
 k - a +4 ring of protection (left branch)
 H - an amulet of magic regeneration
 I - a +6 ring of intelligence
 T - a ring of resist corrosion (right branch)
Wands
 i - a wand of digging (4)
Scrolls
 m - a scroll of brand weapon
 n - a scroll of magic mapping
 t - a scroll of amnesia
 v - 2 scrolls of poison
 x - a scroll of blinking
 F - 8 scrolls of teleportation
 Q - a scroll of identify
 S - a scroll of enchant weapon
Potions
 d - a potion of lignification
 g - a potion of haste {unknown}
 h - 5 potions of curing
 r - 3 potions of flight
 u - 2 potions of cancellation
 w - a potion of magic
 N - a potion of brilliance {unknown}
Miscellaneous
 L - a tin of tremorstones (inert)


   Skills:
 + Level 10.3 Fighting
 - Level 3.0 Long Blades
 + Level 9.6 Axes
 - Level 5.0 Ranged Weapons
 - Level 1.0 Throwing
 - Level 6.0 Armour
 - Level 6.0 Dodging
 - Level 5.0 Spellcasting
 - Level 3.0 Invocations
 - Level 3.0 Evocations


You had 21 spell levels left.
You didn't know any spells.
Your spell library contained the following spells:

 Spells                   Type           Power      Damage    Failure   Level
 Kiss of Death            Conj/Necr      8%         2d6       22%         1
 Confusing Touch          Hex            2%         N/A       54%         3
 Hailstorm                Conj/Ice       2%         3d3       54%         3
 Portal Projectile        Hex/Tloc       4%         N/A       54%         3
 Tukima's Dance           Hex            2%         N/A       54%         3
 Airstrike                Air            1%         2d(1-17)  91%         4
 Animate Armour           Summ/Erth      4%         N/A       91%         4
 Dispel Undead            Necr           2%         3d7       91%         4
 Ice Form                 Ice/Tmut       2%         N/A       91%         4
 Passage of Golubria      Tloc           2%         N/A       91%         4
 Summon Lightning Spire   Summ/Air       2%         N/A       91%         4
 Blade Hands              Tmut           1%         N/A       99%         5
 Lightning Bolt           Conj/Air       1%         1d12      99%         5
 Yara's Violent Unravell  Hex/Tmut       1%         3d3       99%         5
 Eringya's Noxious Bog    Tmut/Pois      1%         N/A       100%        6
 Iron Shot                Conj/Erth      1%         9d1       100%        6
 Chain Lightning          Conj/Air       1%         3d1       100%        9
 Fire Storm               Conj/Fire      1%         7d1       100%        9
 Shatter                  Erth           1%         3d5*      100%        9


Dungeon Overview and Level Annotations

Branches:
Dungeon (10/15)            Temple (1/1) D:4            Lair (0/5) D:10
    Orc (0/2) D:10         Bailey (visited)

Altars:
Ashenzari
Cheibriados
Dithmenos
Elyvilon
Fedhas
Gozag
Hepliaklqana
Kikubaaqudgha
Makhleb
Nemelex Xobeh
Okawaru
Qazlal
Ru
Sif Muna
Trog
Uskayaw
Vehumet
Wu Jian
Xom
Yredelemnul
Zin
The Shining One

Shops:
D:5 (

Annotations:
D:3 2 transporters, pigah's ghost, amateur OpWn
D:9 4 transporters


Message History

You turn into a tree.
Your +1 hat of stealth melds into your body.
Your +1 pair of gloves of strength melds into your body.
Your +0 steam dragon scales melds into your body.
You feel less stealthy.
You feel weaker.
Your roots penetrate the ground.
The centaur warrior unwields a +0 shortbow.
You block the centaur warrior's attack.
The centaur warrior kicks you but does no damage.
Unknown command.
Unknown command.
You shoot an arrow.
The arrow closely misses the centaur warrior.
The centaur warrior hits you.
* * * LOW HITPOINT WARNING * * *
The centaur warrior kicks you but does no damage.
The centaur warrior hits you!
* * * LOW HITPOINT WARNING * * *
The centaur warrior kicks you.
* * * LOW HITPOINT WARNING * * *
The white ugly thing bites you but does no damage.
You shoot an arrow.
The arrow hits the centaur warrior but does no damage.
The centaur warrior is heavily wounded.
The centaur warrior hits you but does no damage.
The centaur warrior kicks you but does no damage.
The centaur warrior hits you but does no damage.
The centaur warrior kicks you but does no damage.
You block the white ugly thing's attack.
Okay, then.
The air fills with toxic fumes!
As you read the scroll labelled SAISMY PAIPS, it crumbles to dust.
It was a scroll of poison.
The centaur warrior hits you but does no damage.
The centaur warrior kicks you but does no damage.
The white ugly thing bites you.
* * * LOW HITPOINT WARNING * * *
The white ugly thing freezes you!!
You die...

######## #......# #......#
#......# ####......#
###§§.......# ########
########§§§##......#
##......#####§§§§§§§§####Y.....#
#........#§§§§§§♣§§### #.......#
.........§§##§§§cu§# #Y#######
.........§§§§§§§§§§# #.#
.........§§§######§# #.#
.........§### #B# #.#
..........# #§# ###.######
#........## #§# #........##
..........# #§###.........##
..........# #§#....##..#...#


You could see a boulder beetle, a white ugly thing and a centaur warrior.

Vanquished Creatures
  A centaur warrior (D:10)
  2 two-headed ogres
  Maggie (D:7)
  A troll (D:9)
  A hornet (D:7)
  A meliai (D:10)
  Grinder (D:5)
  9 orc warriors
  An ice beast (D:8)
  An ogre (D:4)
  A sky beast (D:5)
  2 black bears
  A centaur (D:6)
  4 wights
  5 killer bees
  A howler monkey (D:8)
  2 jellies
  2 hounds (D:5)
  6 orc priests
  An iron imp (D:3)
  An iguana (D:4)
  Natasha (thrice) (D:4)
  5 orc wizards
  2 hell rats
  3 gnolls
  7 adders
  A river rat (D:10)
  2 shadow imps (D:6)
  2 white imps
  An ufetubus (D:6)
  3 dart slugs
  48 orcs
  3 endoplasms
  4 giant cockroaches
  13 goblins
  12 hobgoblins
  3 jackals (D:1)
  7 kobolds
  6 quokkas
  3 ball pythons
  6 bats
  2 frilled lizards
  3 rats
184 creatures vanquished.

Vanquished Creatures (collateral kills)
  Gastronok (D:8)
  A two-headed ogre (D:10)
  An orc knight (Bailey)
  A cyclops (D:10)
  A wyvern (D:8)
  An acid dragon (D:10)
  A water moccasin (D:9)
  2 ice beasts (D:7)
  6 orc warriors
  2 centaurs
  A kobold brigand (D:9)
  2 gnoll sergeants
  2 scorpions
  6 wights (D:6)
  17 killer bees
  4 howler monkeys
  An orc priest (D:9)
  A gnoll bouda (D:8)
  2 hell rats (D:9)
  An iguana (D:6)
  3 orc wizards
  11 gnolls
  An adder (D:6)
  A river rat (D:10)
  A white imp (D:7)
  9 orcs
  A goblin (D:9)
  A kobold (D:9)
82 creatures vanquished.

Vanquished Creatures (others)
  10 battlemagi
  An orc wizard (D:3)
  3 ancestors (D:6)
14 creatures vanquished.

Grand Total: 280 creatures vanquished

Notes
Turn   | Place    | Note
-------+----------+-------------------------------------------
     0 | D:1      | Lobster4 the Human Wanderer began the quest for the Orb.
     0 | D:1      | Lobster4 set off with the following items: a +2 hand axe, a
                  | +0 falchion, a piece from Xom's chessboard (15/15), a
                  | scroll of fog, a +0 leather armour.
     0 | D:1      | Reached XP level 1. HP: 15/15 MP: 1/1
    86 | D:1      | Reached XP level 2. HP: 17/21 MP: 2/2
   427 | D:1      | You fall into a shaft and drop 1 floor!
   566 | D:2      | Reached skill level 1 in Dodging
   566 | D:2      | Reached XP level 3. HP: 26/26 MP: 3/3
   831 | D:1      | Reached XP level 4. HP: 31/33 MP: 4/4
  1546 | D:3      | Found a transporter.
  1548 | D:3      | Noticed pigah's ghost (amateur OpWn)
  1555 | D:3      | Found a transporter.
  1686 | D:3      | Found a bloodstained altar of Trog.
  1819 | D:3      | Reached skill level 2 in Fighting
  1861 | D:3      | Reached XP level 5. HP: 36/38 MP: 5/5
  1872 | D:3      | Reached skill level 1 in Throwing
  1979 | D:3      | Found a snail-covered altar of Cheibriados.
  2003 | D:3      | Reached XP level 6. HP: 46/46 MP: 6/6
  2499 | D:4      | Noticed an ogre
  2693 | D:4      | Killed an ogre
  2694 | D:4      | Reached skill level 3 in Fighting
  2802 | D:4      | Noticed Natasha
  2812 | D:4      | Killed Natasha
  3009 | D:4      | Reached XP level 7. HP: 49/52 MP: 7/7
  3033 | D:4      | Found a staircase to the Ecumenical Temple.
  3044 | Temple   | Entered the Ecumenical Temple
  3218 | Temple   | Became a worshipper of Hepliaklqana the Forgotten
  3338 | D:4      | Noticed Natasha
  3348 | D:4      | Killed Natasha
  3359 | D:4      | Noticed Natasha
  3368 | D:4      | Killed Natasha
  3402 | D:5      | Entered Level 5 of the Dungeon
  3468 | D:5      | Reached skill level 1 in Invocations
  3486 | D:5      | Noticed Grinder
  3640 | D:5      | Paralysed by Grinder for 3 turns
  3736 | D:5      | Killed Grinder
  3737 | D:5      | Reached skill level 4 in Fighting
  3737 | D:5      | Reached XP level 8. HP: 61/61 MP: 8/10
  3975 | D:5      | Reached skill level 5 in Armour
  4028 | D:5      | HP: 2/61 [something/puff of flame (7)]
  4033 | D:5      | Reached skill level 5 in Fighting
  4045 | D:5      | HP: 2/62 [orc priest/divine providence (15)]
  4402 | D:5      | Reached * piety under Hepliaklqana
  4763 | D:5      | Found Hegos's Antique Weapon Shoppe.
  5482 | D:6      | Reached skill level 1 in Ranged Weapons
  5490 | D:6      | Reached XP level 9. HP: 13/58 MP: 11/11
  5683 | D:6      | Reached skill level 6 in Fighting
  6288 | D:7      | Noticed Maggie
  6396 | D:7      | Reached ** piety under Hepliaklqana
  6397 | D:7      | Remembered your ancestor Agathoclea as a battlemage
  6421 | D:7      | Killed Maggie
  6422 | D:7      | Reached skill level 5 in Axes
  6532 | D:7      | Reached skill level 7 in Fighting
  6655 | D:7      | Reached skill level 1 in Spellcasting
  6929 | D:7      | Noticed a hornet
  6933 | D:7      | Reached XP level 10. HP: 71/71 MP: 12/12
  6937 | D:7      | Paralysed by a hornet for 2 turns
  7119 | D:7      | Found a radiant altar of Vehumet.
  7135 | D:7      | Found a stormy altar of Qazlal.
  7338 | D:8      | Got the Annotations on the Glowing Blizzard
  7450 | D:8      | Reached skill level 8 in Fighting
  7726 | D:8      | Noticed Gastronok
  7735 | D:8      | Killed Gastronok
  7824 | D:8      | Reached skill level 5 in Dodging
  8092 | D:9      | Noticed a two-headed ogre
  8130 | D:9      | Killed a two-headed ogre
  8131 | D:9      | Reached XP level 11. HP: 21/78 MP: 14/16
  8135 | D:9      | Reached skill level 5 in Ranged Weapons
  8373 | D:9      | Found a flagged portal.
  8380 | Bailey   | Entered a bailey
  8477 | Bailey   | Noticed an orc knight
  8611 | Bailey   | Identified the +9 plate armour of Kireg {rElec rC+}
  8642 | Bailey   | Identified the +0 dire flail "Widowmaker" {freeze, rElec
                  | rPois Str-4}
  8672 | Bailey   | Killed an orc knight
  8996 | Bailey   | Reached skill level 9 in Fighting
  9172 | D:9      | Found a transporter.
  9174 | D:9      | Found a transporter.
  9176 | D:9      | Found a transporter.
  9367 | D:9      | Reached *** piety under Hepliaklqana
  9446 | D:9      | Found a transporter.
  9676 | D:9      | Found a blossoming altar of Fedhas.
  9754 | D:10     | Entered Level 10 of the Dungeon
  9754 | D:10     | Noticed a death yak
  9754 | D:10     | Found a staircase to the Lair.
  9755 | D:10     | Noticed a death yak
  9755 | D:10     | Noticed a death yak
 10143 | D:10     | Found a staircase to the Orcish Mines.
 10316 | D:10     | Reached skill level 5 in Spellcasting
 10319 | D:10     | Noticed a two-headed ogre
 10330 | D:10     | Killed a two-headed ogre
 10643 | D:10     | Noticed a centaur warrior
 10643 | D:10     | Noticed a cyclops
 10643 | D:10     | Noticed a boulder beetle
 10643 | D:10     | Noticed a centaur warrior
 10652 | D:10     | Killed a cyclops
 10663 | D:10     | Killed a centaur warrior
 10664 | D:10     | Reached skill level 10 in Fighting
 10798 | D:10     | Noticed a two-headed ogre
 10804 | D:10     | Killed a two-headed ogre
 10805 | D:10     | Reached XP level 12. HP: 87/87 MP: 19/19
 10904 | D:10     | Found an opulent altar of Gozag.
 11080 | D:10     | HP: 4/88 [centaur warrior/arrow (19)]
 11085 | D:10     | Demolished by a white ugly thing

Illustrated notes

Levels and vault maps discovered:
D:1:      lemuel_arrival_broad_hall, layout_basic, st_stairs_2
D:2:      layout_loops_ring
D:3:      kennysheep_the_goblin_king, layout_basic,
          mainiacjoe_overflow_alcove_2, chei_slow_surprise,
          gammafunk_ghost_arena, minmay_misc_feat_tower
D:4:      layout_gridville, temple_green, uniq_natasha
D:5:      wad_pebble_path, layout_basic, serial_shops, shop, uniq_grinder
D:6:      layout_rooms
D:7:      layout_loops_ring, mainiacjoe_overflow_swirl, uniq_maggie
D:8:      layout_rooms, uniq_gastronok
D:9:      layout_roguey, marbit_many_paths, enter_bailey_3,
          nicolae_diode_quadrants
D:10:     minmay_sliced_demisemicircle, layout_rooms, grunt_gozag_breadcrumbs,
          dpeg_lair_monsters, minmay_orc_entry_temple_small
Temple:   nicolae_temple_elliptical

Skill      XL: |  1  2  3  4  5  6  7  8  9 10 11 |
---------------+----------------------------------+-----
Dodging        | 1 2 3 5 6 |  6.0
Fighting       | 2 3 4 5 7 8 10 | 10.3
Throwing       | 1 |  1.0
Evocations     | 3 |  3.0
Axes           | 3 6 7 9 |  9.6
Armour         | 3 4 6 |  6.0
Invocations    | 3 |  3.0
Ranged Weapons | 1 3 4 5 |  5.0
Spellcasting   | 1 3 5 |  5.0
Long Blades    | |  3.0

Action                   |  1- 3 |  4- 6 |  7- 9 | 10-12 || total
-------------------------+-------+-------+-------+-------++-------
Melee: Hand axe          |    74 |   137 |   196 |     8 ||   415
       Punch             |     1 |     2 |     4 |       ||     7
       War axe           |       |       |       |     4 ||     4
 Fire: Shortbow          |       |       |    34 |   280 ||   314
Throw: Dart              |       |    15 |    18 |    21 ||    54
       Throwing net      |       |       |     1 |     1 ||     2
Invok: Recall Ancestor   |       |       |     1 |       ||     1
       Ancestor Life: Ba |       |       |     1 |       ||     1
Evoke: Wand              |       |       |    18 |       ||    18
       Tin of tremorston |       |       |       |     2 ||     2
  Use: Scroll            |       |     7 |     9 |     8 ||    24
       Potion            |       |       |     6 |     3 ||     9
Armor: Leather armour    |    25 |    14 |    78 |       ||   117
       Ring mail         |       |    58 |       |       ||    58
       Skin              |       |       |     2 |     9 ||    11
       Steam dragon scal |       |       |     6 |    36 ||    42
Dodge: Dodged            |    47 |    70 |   113 |    81 ||   311
Block: Other             |       |    10 |    51 |    34 ||    95
       Reflection        |       |     1 |     3 |     3 ||     7

Table legend: (Time is in decaauts)
 A = Elapsed time spent in this place.
 B = Non-inter-level travel time spent in this place.
 C = Inter-level travel time spent in this place.
 D = Time resting spent in this place.
 E = Time spent auto-exploring this place.
 F = Levels seen in this place.
 G = Mean time per level.
                   A        B        C        D        E       F      G
               +--------+--------+--------+--------+--------+-----+--------+
         Total |  11247 |  10590 |    657 |   1959 |   6188 |  12 |  937.2 |
       Dungeon |  10398 |   9791 |    607 |   1812 |   5877 |  10 | 1039.8 |
        Temple |    191 |    141 |     50 |      0 |    125 |   1 |  191.0 |
        Bailey |    657 |    657 |      0 |    147 |    185 |   1 |  657.0 |
               +--------+--------+--------+--------+--------+-----+--------+

Top non-repeatable levels by time:
     D:5: 1814 daAuts
     D:9: 1336 daAuts
    D:10: 1156 daAuts
     D:6: 1152 daAuts
     D:7: 961 daAuts
     D:3: 904 daAuts
     D:4: 828 daAuts
     D:1: 759 daAuts
     D:2: 757 daAuts
     D:8: 728 daAuts
  Bailey: 657 daAuts
  Temple: 191 daAuts
